 Dungeon Crawl Stone Soup version 0.17.1-3-g152610e (webtiles) character file.

143468 juanjsm the Eclecticist (level 16, -6/79 HPs)
             Began as a Spriggan Venom Mage on Apr 11, 2016.
             Was the Champion of Vehumet.
             Killed from afar by a merfolk aquamancer (48 damage)
             ... with a shard of ice
             ... on level 4 of the Shoals on Apr 13, 2016.
             The game lasted 09:27:00 (43600 turns).

juanjsm the Eclecticist (Spriggan Venom Mage)      Turns: 43600, Time: 09:27:00

Health: -6/79      AC:  9    Str:  4    XL:     16   Next: 82%
Magic:  42/48      EV: 31    Int: 23    God:    Vehumet [******]
Gold:   1441       SH:  0    Dex: 19    Spells: 13 memorised, 6 levels left

rFire  . . .     SeeInvis +     W - staff of energy
rCold  . . .     Clarity  .     Y - +1 robe {MR+}
rNeg   . . .     SustAt   .     (shield currently unavailable)
rPois  +         Gourm    .     H - +2 hat
rElec  .         Spirit   .     n - +2 cloak
rCorr  +         Warding  .     (gloves unavailable)
rMut   .         Stasis   .     (boots unavailable)
MR     +++..                    K - amulet of resist corrosion
Stlth  ++++++++..               Q - ring "Joill" {+Fly rPois Dex+2}
                                r - ring of magical power

@: flying, drained, very quick, extremely resistant to hostile enchantments,
extraordinarily stealthy
A: unfitting armour, rugged brown scales 1, see invisible, herbivore 3, speed 3,
slow metabolism 2
a: Renounce Religion, Stop Flying


You were on level 4 of the Shoals.
You worshipped Vehumet.
Vehumet was exalted by your worship.
You were not hungry.

You visited 5 branches of the dungeon, and saw 32 of its levels.

You collected 3203 gold pieces.
You spent 1762 gold pieces at shops.

Inventory:

Hand Weapons
 g - a +3 dagger of electrocution
 l - a +4 rapier of electrocution
 p - the +6 morningstar "Cojoss" {freeze, +Inv, unknown}
   (You found it on level 1 of the Shoals)

   It has been specially enchanted to freeze those struck by it, causing extra
   injury to most foes and up to half again as much damage against particularly
   susceptible opponents.
   It can also slow down cold-blooded creatures.
   It lets you turn invisible.
Armour
 a - a +2 buckler of protection
 n - a +2 cloak (worn)
 H - a +2 hat (worn)
 Y - a +1 robe of magic resistance (worn)
Magical Staves
 f - an uncursed staff of air
 U - an uncursed staff of fire
 W - an uncursed staff of energy (weapon)
Rods
 P - a +1 rod of inaccuracy (9/9)
   (You found it on level 4 of the Lair of Beasts)
Jewellery
 r - a ring of magical power (left hand)
 w - an uncursed ring of protection from fire
 K - an amulet of resist corrosion (around neck)
 Q - the ring "Joill" (right hand) {+Fly rPois Dex+2}
   (You bought it in a shop on level 12 of the Dungeon)

   [ring of flight]

   It affects your dexterity (+2).
   It protects you from poison.
   It lets you fly.
Wands
 m - a wand of disintegration (12)
 C - a wand of fireball (10)
 G - a wand of teleportation (6)
 I - a wand of draining (3)
 V - a wand of fire (6)
 X - a wand of digging (8)
Scrolls
 b - a scroll of silence
 e - 2 scrolls of teleportation
 h - 3 scrolls of blinking
 o - 3 scrolls of fear
 q - 5 scrolls of remove curse
 s - 2 scrolls of fog
 t - 3 scrolls of recharging
 x - 3 scrolls of holy word {unknown}
 O - a scroll of identify
 S - 3 scrolls of summoning
Potions
 d - 2 potions of might
 i - a potion of cure mutation
 j - 2 potions of lignification
 u - 4 potions of brilliance
 z - 2 potions of berserk rage
 A - 7 potions of flight
 D - 5 potions of curing
 E - 2 potions of cancellation
 F - a potion of invisibility
 L - a potion of resistance
 T - 3 potions of haste
Books
 v - a book of Envenomations

   Spells                             Type                      Level
   a - Spider Form                    Transmutation/Poison         3
   b - Alistair's Intoxication        Transmutation/Poison         4
   c - Olgreb's Toxic Radiance        Poison                       4
   d - Poisonous Cloud                Conjuration/Poison/Air       6
Miscellaneous
 k - a plain deck of summoning {Repulsiveness}
 J - a plain deck of wonders {the Alchemist, drawn: 1}
 N - a lamp of fire
Comestibles
 c - 12 bread rations
 B - 6 royal jellies


   Skills:
 * Level 5.6(5.3) Fighting
 + Level 2.8(2.5) Short Blades
 - Level 0.1(0.0) Staves
 + Level 13.9(13.6) Dodging
 + Level 16.4(16.1) Stealth
 * Level 4.2(3.9) Shields
 * Level 18.9(18.5) Spellcasting
 * Level 10.8(10.4) Conjurations
 + Level 0.5(0.3) Hexes
 + Level 1.7(1.4) Charms
 + Level 1.1(0.9) Transmutations
 + Level 4.4(4.1) Fire Magic
 + Level 3.8(3.6) Air Magic
 + Level 11.1(10.8) Poison Magic
 * Level 7.8(7.5) Evocations


You had 6 spell levels left.
You knew the following spells:

 Your Spells              Type           Power        Failure   Level  Hunger
a - Sting                 Conj/Pois      ####         1%          1    None
b - Cure Poison           Pois           ######....   1%          2    None
c - Mephitic Cloud        Conj/Pois/Air  ######..     1%          3    None
d - Olgreb's Toxic Radia  Pois           ######..     1%          4    None
e - Flame Tongue          Conj/Fire      #####        1%          1    None
f - Poison Arrow          Conj/Pois      ######....   1%          6    None
g - Inner Flame           Hex/Fire       ####....     1%          3    None
h - Fireball              Conj/Fire      ######....   1%          5    None
i - Iskenderun's Battles  Conj/Chrm      #####...     2%          5    None
j - Poisonous Cloud       Conj/Pois/Air  ######....   4%          6    None
k - Iskenderun's Mystic   Conj           ######..     1%          4    None
l - Dazzling Spray        Conj/Hex       #####...     1%          3    None
m - Ignite Poison         Fire/Trmt/Pois #####...     1%          3    None


Dungeon Overview and Level Annotations

Branches:
Dungeon (15/15)            Temple (1/1) D:4            Lair (8/8) D:11
 Shoals (4/4) Lair:6       Spider (0/4) Lair:6        Slime (0/6) Lair:8
    Orc (4/4) D:10            Elf (0/3) Orc:4        Vaults (0/5) D:13
 Depths (0/5) D:15

Altars:
Ashenzari
Cheibriados
Dithmenos
Elyvilon
Fedhas
Gozag
Kikubaaqudgha
Makhleb
Nemelex Xobeh
Okawaru
Qazlal
Ru
Sif Muna
Trog
Vehumet
Xom
Yredelemnul
Zin
The Shining One
Beogh

Shops:
D:8 ([   D:12 =   D:14 !   D:15 :   Orc:1 :*   Orc:4 %%*!

Portals:
Trove: D:14 (show slimy rune of Zot)

Annotations:
D:1 Natasha
D:3 Sigmund
D:4 Dowan, Duvessa, Edmund, Eustachio
D:5 ThereIsNoGod's ghost, novice DsGl
D:7 Sl000nik's ghost, novice KoAs
D:13 Josephine; Nessos; kaze's ghost, journeyman DsFi
Lair:6 simples's ghost, journeyman MiFi; warlockg3's ghost, journeyman MiFi


Innate Abilities, Weirdness & Mutations

You are tiny and cannot use many weapons and most armour.
You have supernaturally acute eyesight.
You are a herbivore.
You cover ground extremely quickly.
You need consume almost no food.
You are partially covered in rugged brown scales (AC +1, +3% HP).


Message History

The merfolk aquamancer completely misses you.
Things that are here:
a trident of piercing; a merfolk corpse The merfolk aquamancer points at you and mumbles some strange words.
The great wave of water hits you!
The wave splashes down.
You hear a screech!
You hear a shout!
You see here a wand of digging.
The merfolk aquamancer gestures at you while chanting.
The ball of steam misses you.
Wield which item (- for none, * to show all)? (? for menu, Esc to quit)
Your +3 dagger of electrocution stops crackling.
W - an uncursed staff of energy (weapon)
Casting: Poison Arrow
Confirm with . or Enter, or press ? or * to list all spells.
Aiming: Poisonous Cloud
Press: ? - help, Dir - move target cursor The merfolk aquamancer gestures at you while chanting.
The shard of ice hits you!
Ouch! That really hurt!
You die...

##...###≈≈≈≈≈≈≈≈≈≈≈≈
##.P##..≈≈≈)#######
#.........## ≈≈≈≈#
#≈.......##≈#≈≈≈≈≈##
#........#≈#)H≈≈≈≈≈# ≈≈≈
#PPP.....#≈≈≈≈#≈#≈≈# ≈≈≈
#PPP.....#≈≈≈##≈≈≈≈# ≈≈≈≈
##≈≈≈.....#≈≈≈≈≈≈≈#≈#≈≈≈≈≈
#≈≈≈≈≈...@#≈)≈#≈§≈≈≈#≈≈≈≈≈
≈≈≈≈≈≈≈...##≈≈≈≈#≈.#≈≈≈≈≈≈
≈≈≈≈≈≈≈≈§§§##≈≈m§§#.§≈≈≈≈≈
≈≈≈≈≈≈≈≈§§§≈######≈.§≈≈≈≈≈
≈≈≈≈≈≈≈†§§§≈m≈≈≈m...≈≈≈≈≈≈
≈≈≈≈≈≈≈≈≈≈≈≈≈≈≈≈≈..≈≈≈≈≈≈≈
≈≈≈≈≈≈≈≈≈≈≈≈≈≈≈≈≈≈≈≈≈≈≈≈≈≈
≈≈≈≈≈≈≈≈≈≈≈≈≈≈≈H≈≈≈≈≈≈≈≈≈≈
≈≈≈≈≈≈≈≈≈≈≈≈≈≈≈≈≈≈≈≈≈≈≈≈≈≈


You could see a merfolk aquamancer and a harpy.

Vanquished Creatures
  Nikola (Shoals:2)
  An orc warlord (Orc:4)
  Maud (Lair:6)
  A stone giant (D:15)
  A salamander stormcaller (D:15)
  2 merfolk javelineers (Shoals:2)
  2 ettins
  3 merfolk impalers (Shoals:2)
  Harold (D:11)
  A rakshasa (D:15)
  An ice dragon (D:15)
  3 catoblepae (Lair:8)
  2 merfolk avatars
  3 satyrs (Shoals:3)
  18 death yaks
  8 hydras
  2 ogre magi (D:15)
  A centaur warrior (D:15)
  The ghost of Breadlance the Ducker, a novice TrFi of Trog (D:8)
  5 orc high priests
  Nergalle (D:11)
  A queen ant (Lair:8)
  2 fire crabs
  A giant orange brain (D:15)
  An unseen horror (D:11)
  9 hell knights (D:10)
  3 sea snakes (Shoals:2)
  An unseen horror (shapeshifter) (D:15)
  6 hill giants
  A wizard (D:13)
  9 harpies (Shoals:1)
  2 cyclopes
  3 griffons
  7 orc knights
  4 orc sorcerers
  A wolf spider zombie (D:12)
  15 ugly things
  5 oklob plants
  2 water nymphs
  A manticore (Shoals:2)
  5 fauns
  7 elephants
  2 sirens
  5 black mambas
  A torpor snail (Lair:8)
  9 spiny frogs
  3 komodo dragons
  6 fire drakes
  A demonic crawler (Lair:6)
  2 redback zombies (D:15)
  A tengu conjurer (D:15)
  6 trolls
  20 merfolk
  6 polar bears
  13 slime creatures
  15 two-headed ogres
  A boulder beetle (D:15)
  A hornet zombie (D:14)
  14 blink frogs
  5 snapping turtles
  A trapdoor spider (D:11)
  75 yaks
  A tarantella (shapeshifter) (D:15)
  A deep elf mage (D:11)
  14 hippogriffs
  4 wraiths
  2 shadows
  3 water elementals
  16 wolves
  2 basilisks
  2 hungry ghosts
  3 soldier ants (Lair:8)
  A warg (Orc:1)
  7 hell hounds (D:10)
  8 porcupines
  2 mottled dragons
  23 water moccasins
  4 black bears
  A necrophage (D:10)
  42 orc warriors
  2 eyes of draining
  2 sky beasts
  2 phantoms
  3 ice beasts (D:12)
  A wasp (Lair:4)
  19 ogres
  18 crocodiles
  19 centaurs
  A brain worm (D:12)
  20 giant frogs
  2 wyvern zombies
  2 big kobolds
  A gnoll sergeant (D:8)
  2 wyvern skeletons
  4 scorpions
  5 wights (D:14)
  18 killer bees
  A quasit (D:13)
  2 electric eels
  8 crimson imps
  2 centaur zombies
  2 giant frog zombies
  6 hounds
  24 orc wizards
  38 orc priests
  A giant frog skeleton (D:6)
  5 jellies
  Jessica (D:2)
  Terence (D:2)
  7 iguanas
  33 worker ants
  15 sheep
  A hound zombie (D:6)
  Robin (D:2)
  6 gnolls (D:8)
  A hound skeleton (D:4)
  8 adders
  41 river rats
  5 shadow imps
  5 oozes (D:8)
  2 adder skeletons
  6 worms
  190 orcs
  7 giant cockroaches
  5 hobgoblins
  14 jackals
  14 kobolds
  2 quokkas
  4 ball pythons
  11 bats
  4 giant geckos
  A giant gecko skeleton (D:7)
  4 giant newts
  13 goblins
  2 quokka skeletons
  12 rats
  2 fungi
1096 creatures vanquished.

Vanquished Creatures (collateral kills)
  A water moccasin (Lair:8)
1 creature vanquished.

Vanquished Creatures (others)
  A manticore (D:15)
  67 fungi
  51 plants
119 creatures vanquished.

Grand Total: 1216 creatures vanquished

Notes
Turn   | Place    | Note
--------------------------------------------------------------
     0 | D:1      | juanjsm the Spriggan Venom Mage began the quest for the Orb.
     0 | D:1      | Reached XP level 1. HP: 9/9 MP: 5/5
   434 | D:1      | Reached XP level 2. HP: 13/13 MP: 2/6
   438 | D:1      | Learned a level 2 spell: Cure Poison
   904 | D:2      | Noticed Terence
   941 | D:2      | Killed Terence
   941 | D:2      | Reached XP level 3. HP: 9/16 MP: 0/8
   946 | D:2      | Learned a level 3 spell: Mephitic Cloud
   956 | D:2      | Noticed Robin
   975 | D:2      | Noticed Natasha
   988 | D:2      | Found a shadowy altar of Dithmenos.
   990 | D:2      | Noticed Jessica
  1020 | D:2      | Found a deep blue altar of Sif Muna.
  1448 | D:3      | Found a shattered altar of Ashenzari.
  1460 | D:3      | Noticed Sigmund
  1473 | D:3      | Reached XP level 4. HP: 21/21 MP: 10/10
  1493 | D:3      | Found a white marble altar of Elyvilon.
  1523 | D:3      | Noticed an ogre
  1532 | D:3      | Killed an ogre
  1532 | D:3      | Reached skill level 5 in Stealth
  1532 | D:3      | Reached XP level 5. HP: 25/25 MP: 8/11
  1538 | D:3      | Learned a level 4 spell: Olgreb's Toxic Radiance
  1689 | D:4      | Noticed Duvessa
  1708 | D:4      | Noticed a phantom
  1825 | D:4      | Noticed an ogre
  1846 | D:4      | Killed an ogre
  1846 | D:4      | Reached skill level 6 in Stealth
  1846 | D:4      | Reached skill level 1 in Conjurations
  1862 | D:4      | Found a staircase to the Ecumenical Temple.
  1872 | Temple   | Entered the Ecumenical Temple
  2135 | D:3      | Found a radiant altar of Vehumet.
  2146 | D:3      | Noticed a giant frog
  2181 | D:3      | Became a worshipper of Vehumet
  2251 | D:3      | Killed a giant frog
  2251 | D:3      | Reached XP level 6. HP: 29/29 MP: 13/13
  2661 | D:2      | Killed Jessica
  2964 | D:2      | Reached skill level 5 in Poison Magic
  3018 | D:2      | Found a faded altar to an unknown god.
  3189 | D:2      | Reached * piety under Vehumet
  3189 | D:2      | Offered knowledge of Flame Tongue by Vehumet.
  3218 | D:2      | Killed Robin
  3223 | D:2      | Found a blossoming altar of Fedhas.
  3409 | D:4      | Noticed Eustachio
  3424 | D:4      | Learned a level 1 spell: Flame Tongue
  3505 | D:4      | Noticed Edmund
  3597 | D:4      | Reached skill level 7 in Stealth
  3628 | D:4      | Noticed Dowan
  3781 | D:5      | Entered Level 5 of the Dungeon
  3892 | D:5      | Found an opulent altar of Gozag.
  4002 | D:5      | Found a sparkling altar of Nemelex Xobeh.
  4258 | D:5      | Found a basalt altar of Yredelemnul.
  4288 | D:5      | Reached XP level 7. HP: 32/32 MP: 15/15
  4315 | D:5      | Noticed ThereIsNoGod's ghost (novice DsGl)
  4721 | D:5      | Reached skill level 1 in Fighting
  4925 | D:6      | Reached skill level 5 in Spellcasting
  5576 | D:6      | Reached skill level 5 in Dodging
  5671 | D:6      | Offered knowledge of Throw Flame by Vehumet.
  6163 | D:7      | Reached ** piety under Vehumet
  6259 | D:7      | Noticed Sl000nik's ghost (novice KoAs)
  6369 | D:7      | Reached XP level 8. HP: 19/37 MP: 18/18
  6658 | D:7      | Learned a level 5 spell: Venom Bolt
  6930 | D:8      | Reached skill level 8 in Stealth
  6931 | D:8      | Noticed Breadlance's ghost (novice TrFi)
  7037 | D:8      | Found Helinniawn's Weapon Boutique.
  7079 | D:8      | Reached skill level 1 in Fire Magic
  7101 | D:8      | Found a bloodstained altar of Trog.
  7600 | D:8      | Killed Breadlance's ghost
  7600 | D:8      | Reached skill level 9 in Stealth
  7600 | D:8      | Reached skill level 1 in Air Magic
  7600 | D:8      | Reached XP level 9. HP: 42/42 MP: 10/22
  7615 | D:8      | Offered knowledge of Inner Flame by Vehumet.
  7622 | D:8      | Learned a level 3 spell: Inner Flame
  7825 | D:8      | Found Goonaame's Armour Shop.
  7854 | D:8      | Reached skill level 1 in Short Blades
  7885 | D:8      | Found a snail-covered altar of Cheibriados.
  8242 | D:8      | Reached *** piety under Vehumet
  8778 | D:9      | Offered knowledge of Static Discharge by Vehumet.
  8907 | D:9      | Reached XP level 10. HP: 46/46 MP: 24/24
  9526 | D:10     | Entered Level 10 of the Dungeon
  9820 | D:10     | Identified the Reference Book on the Rocks
  9833 | D:10     | Found a staircase to the Orcish Mines.
  9933 | D:10     | Noticed a hill giant
  9995 | D:10     | Killed a hill giant
  9995 | D:10     | Reached skill level 10 in Stealth
  9995 | D:10     | Reached skill level 10 in Spellcasting
 10531 | D:10     | Reached **** piety under Vehumet
 10998 | D:11     | Noticed a hill giant
 11002 | D:11     | Offered knowledge of Fireball by Vehumet.
 11008 | D:11     | You fall through a shaft for 2 floors!
 11015 | D:13     | Learned a level 5 spell: Fireball
 11131 | D:13     | Noticed a griffon
 11144 | D:12     | Noticed a four-headed hydra
 11346 | D:12     | Reached skill level 11 in Spellcasting
 11358 | D:12     | Found Test's Jewellery Shop.
 11506 | D:11     | Killed a hill giant
 11506 | D:11     | Reached skill level 5 in Conjurations
 11541 | D:11     | Noticed a cyan ugly thing
 11611 | D:11     | Killed a cyan ugly thing
 11795 | D:11     | Reached XP level 11. HP: 50/50 MP: 25/27
 12289 | D:11     | Noticed a hill giant
 12299 | D:11     | Killed a hill giant
 12429 | D:11     | Noticed Nergalle
 12442 | D:11     | Reached ***** piety under Vehumet
 12462 | D:11     | Found a staircase to the Lair.
 12464 | D:11     | Killed Nergalle
 12464 | D:11     | Reached skill level 12 in Spellcasting
 12515 | D:11     | Offered knowledge of Iskenderun's Battlesphere by Vehumet.
 12568 | D:11     | Noticed Harold
 12579 | D:11     | Noticed an unseen horror
 12683 | D:11     | Killed Harold
 13125 | D:11     | Killed an unseen horror
 13132 | D:11     | Learned a level 5 spell: Iskenderun's Battlesphere
 13341 | D:11     | Reached skill level 13 in Spellcasting
 13397 | Lair:1   | Entered Level 1 of the Lair of Beasts
 14960 | Lair:2   | Reached XP level 12. HP: 54/54 MP: 30/30
 15025 | Lair:2   | Noticed a six-headed hydra
 15408 | Lair:2   | Killed a six-headed hydra
 16907 | Lair:4   | Reached skill level 10 in Dodging
 16986 | Lair:4   | Offered knowledge of Ozocubu's Refrigeration by Vehumet.
 17144 | Lair:4   | Identified the Collected Works on Mutagenic Companions
 17152 | Lair:4   | Learned a level 6 spell: Poisonous Cloud
 17161 | Lair:4   | Reached skill level 14 in Spellcasting
 17497 | Lair:4   | Identified a +1 rod of inaccuracy (9/9) (You found it on level 4 of the Lair of Beasts)
 17550 | Lair:4   | Identified 3 scrolls of acquirement
 18492 | Lair:6   | Noticed simples's ghost (journeyman MiFi)
 18787 | Lair:6   | Noticed warlockg3's ghost (journeyman MiFi)
 18971 | Lair:6   | Found a hole to the Spider Nest.
 19260 | Lair:6   | Noticed a four-headed hydra
 19531 | Lair:6   | Offered knowledge of Poison Arrow by Vehumet.
 19540 | Lair:6   | Learned a level 6 spell: Poison Arrow
 19655 | Lair:6   | Noticed Maud
 19667 | Lair:6   | Killed a four-headed hydra
 19667 | Lair:6   | Reached XP level 13. HP: 58/58 MP: 10/32
 19810 | Lair:6   | Killed Maud
 19876 | Lair:6   | Found a staircase to the Shoals.
 20570 | Lair:7   | Reached skill level 15 in Spellcasting
 20755 | Lair:7   | Got a steaming shortbow
 20756 | Lair:7   | Identified the +8 shortbow "Nereqeh" {velocity, Dex+3} (You found it on level 7 of the Lair of Beasts)
 21023 | Lair:7   | Reached skill level 1 in Charms
 21372 | Lair:8   | Entered Level 8 of the Lair of Beasts
 22045 | Lair:8   | Reached skill level 1 in Evocations
 22118 | Lair:8   | Offered knowledge of Bolt of Magma by Vehumet.
 22245 | Lair:5   | HP: 2/58 [black mamba (15)]
 22912 | Lair:7   | Reached skill level 15 in Stealth
 24138 | Lair:8   | Reached XP level 14. HP: 63/63 MP: 27/34
 24174 | Lair:8   | Found a staircase to the Slime Pits.
 24347 | Lair:8   | Reached skill level 16 in Spellcasting
 26264 | Lair:8   | Learned a level 4 spell: Iskenderun's Mystic Blast
 26268 | Lair:8   | Learned a level 3 spell: Dazzling Spray
 27203 | Lair:6   | Learned a level 3 spell: Ignite Poison
 27560 | Orc:1    | Entered Level 1 of the Orcish Mines
 27575 | Orc:1    | Found Vaf Taonu's Book Shop.
 28010 | Orc:2    | Offered knowledge of Bolt of Cold by Vehumet.
 28194 | Orc:4    | Entered Level 4 of the Orcish Mines
 28328 | Orc:3    | Reached skill level 10 in Poison Magic
 29167 | Orc:1    | Found Saecekurch's Assorted Antiques.
 29253 | Orc:2    | You fall through a shaft!
 29306 | Orc:1    | Reached ****** piety under Vehumet
 29855 | Orc:3    | Reached skill level 1 in Shields
 30350 | Orc:4    | Offered knowledge of Bolt of Fire by Vehumet.
 30569 | Orc:4    | Reached skill level 17 in Spellcasting
 30607 | Orc:4    | Found a staircase to the Elven Halls.
 30697 | Orc:4    | Got a bloodstained double sword
 30719 | Orc:4    | Identified the +10 double sword "Lohukhu" {elec, rElec rPois rN+ Int-5} (You found it on level 4 of the Orcish Mines)
 30765 | Orc:4    | Reached XP level 15. HP: 55/67 MP: 37/37
 30999 | Orc:4    | Found Fapseops's Food Emporium.
 31008 | Orc:4    | Bought a bread ration for 65 gold pieces
 31008 | Orc:4    | Bought a royal jelly for 26 gold pieces
 31008 | Orc:4    | Bought a bread ration for 65 gold pieces
 31008 | Orc:4    | Bought a bread ration for 65 gold pieces
 31208 | Orc:4    | Noticed an orc warlord
 31230 | Orc:4    | Killed an orc warlord
 31262 | Orc:4    | Found a roughly hewn altar of Beogh.
 31664 | Orc:4    | Found Watalel's Food Shoppe.
 32127 | Orc:4    | Found Basir's Assorted Antiques.
 32148 | Orc:4    | Offered knowledge of Orb of Destruction by Vehumet.
 32156 | Orc:4    | Bought a potion of curing for 93 gold pieces
 32162 | Orc:4    | Found Bytzo's Distillery.
 32167 | Orc:4    | Bought a potion of magic for 128 gold pieces
 32167 | Orc:4    | Bought a potion of curing for 48 gold pieces
 32214 | Orc:4    | Found a roughly hewn altar of Beogh.
 32908 | D:10     | Noticed a hell knight
 32917 | D:10     | Killed a hell knight
 33146 | D:10     | Noticed a hell knight
 33151 | D:10     | Noticed a hell knight
 33154 | D:10     | Noticed a hell knight
 33154 | D:10     | Killed a hell knight
 33158 | D:10     | Killed a hell knight
 33164 | D:10     | Noticed a hell knight
 33167 | D:10     | Killed a hell knight
 33194 | D:10     | Killed a hell knight
 33357 | D:10     | Noticed a hell knight
 33366 | D:10     | Noticed a hell knight
 33370 | D:10     | Noticed a hell knight
 33370 | D:10     | Killed a hell knight
 33373 | D:10     | Killed a hell knight
 33374 | D:10     | Killed a hell knight
 33489 | D:10     | Noticed a hell knight
 33494 | D:10     | Killed a hell knight
 33994 | D:12     | Killed a four-headed hydra
 34121 | D:12     | Bought the ring "Joill" {+Fly rPois Dex+2} for 329 gold pieces
 34226 | D:13     | Killed a griffon
 34237 | D:13     | Noticed a five-headed hydra
 34245 | D:13     | Noticed an enchanted long sword
 34393 | D:13     | Noticed a wizard
 34400 | D:13     | Killed a wizard
 34465 | D:13     | Noticed kaze's ghost (journeyman DsFi)
 34667 | D:13     | Noticed a hill giant
 34695 | D:13     | Killed a hill giant
 35099 | D:13     | Noticed Josephine
 35175 | D:13     | Offered knowledge of Fire Storm by Vehumet.
 35175 | D:13     | Offered knowledge of Shatter by Vehumet.
 35175 | D:13     | Offered knowledge of Tornado by Vehumet.
 35180 | D:13     | Noticed an enchanted long sword
 35398 | D:13     | Found a gate to the Vaults.
 35411 | D:13     | Killed a five-headed hydra
 35517 | D:13     | Noticed Nessos
 35891 | D:14     | Noticed a cyan ugly thing
 35959 | D:14     | Reached skill level 5 in Evocations
 36373 | D:14     | Found Azatebeu's Distillery.
 36428 | D:14     | Bought a potion of beneficial mutation for 490 gold pieces
 36428 | D:14     | Gained mutation: You are partially covered in rugged brown scales (AC +1, +3% HP). [potion of beneficial mutation]
 36547 | D:14     | Found a portal to a secret trove of treasure.
 36733 | D:14     | Killed a cyan ugly thing
 36886 | D:15     | Entered Level 15 of the Dungeon
 36925 | D:15     | Reached skill level 1 in Transmutations
 37043 | D:15     | Found Babing's Book Boutique.
 37177 | D:15     | Found a large runed door.
 37228 | D:15     | Found a large runed door.
 37398 | D:15     | Reached skill level 10 in Conjurations
 38282 | D:15     | Reached skill level 18 in Spellcasting
 38285 | D:15     | Reached XP level 16. HP: 69/77 MP: 24/39
 38404 | D:15     | Found a stormy altar of Qazlal.
 38427 | D:15     | Found a glowing silver altar of Zin.
 39491 | D:15     | Found a staircase to the Depths.
 39621 | D:14     | Bought a potion of cancellation for 112 gold pieces
 39621 | D:14     | Bought a potion of curing for 42 gold pieces
 39621 | D:14     | Bought a potion of magic for 112 gold pieces
 39623 | D:14     | Bought a potion of lignification for 42 gold pieces
 39822 | Orc:1    | Bought an iron ring for 145 gold pieces
 40223 | Shoals:1 | Entered Level 1 of the Shoals
 40511 | Shoals:1 | Got a warped morningstar
 40795 | Shoals:1 | Reached skill level 5 in Fighting
 41844 | Shoals:2 | Noticed Nikola
 42139 | Shoals:2 | Killed Nikola
 42922 | Shoals:4 | Entered Level 4 of the Shoals
 43600 | Shoals:4 | Killed from afar by a merfolk aquamancer

Action                   |  1- 3 |  4- 6 |  7- 9 | 10-12 | 13-15 | 16-18 || total
-------------------------+-------+-------+-------+-------+-------+-------++-------
Melee: Dagger            |    20 |    80 |   209 |   295 |   318 |    77 ||   999
       Staff             |       |       |       |    52 |    13 |     3 ||    68
 Cast: Sting             |    41 |    95 |   137 |   446 |   629 |    50 ||  1398
       Cure Poison       |       |     1 |     3 |     6 |     4 |     2 ||    16
       Mephitic Cloud    |       |     1 |    18 |    56 |    55 |     7 ||   137
       Flame Tongue      |       |       |   118 |   254 |   127 |    22 ||   521
       Olgreb's Toxic Ra |       |       |     1 |     1 |       |       ||     2
       Venom Bolt        |       |       |     5 |     1 |       |       ||     6
       Inner Flame       |       |       |     1 |       |     5 |       ||     6
       Fireball          |       |       |       |    24 |    24 |     6 ||    54
       Iskenderun's Batt |       |       |       |     3 |     5 |       ||     8
       Poisonous Cloud   |       |       |       |     4 |    46 |    11 ||    61
       Poison Arrow      |       |       |       |       |   291 |   149 ||   440
       Ignite Poison     |       |       |       |       |    15 |     8 ||    23
       Dazzling Spray    |       |       |       |       |    15 |     6 ||    21
       Iskenderun's Myst |       |       |       |       |    76 |     7 ||    83
 Abil: Evoke Flight      |       |       |       |       |     1 |     6 ||     7
       Stop Flying       |       |       |       |       |       |     2 ||     2
Evoke: Wand              |       |       |     1 |       |     5 |     2 ||     8
       Rod               |       |       |       |     3 |     8 |       ||    11
       Staff of energy   |       |       |       |       |     1 |       ||     1
       Lamp of fire      |       |       |       |       |     2 |     1 ||     3
       Deck              |       |       |       |       |     1 |       ||     1
  Use: Scroll            |       |       |    17 |    20 |    14 |     8 ||    59
       Potion            |       |       |     2 |     4 |    20 |     4 ||    30
 Stab: Sleeping          |     9 |    13 |    18 |    35 |    57 |     6 ||   138
       Distracted        |     1 |     3 |       |     2 |     2 |       ||     8
       Confused          |       |     1 |     5 |    31 |    13 |     1 ||    51
  Eat: Fruit             |       |       |     3 |    11 |     8 |       ||    22
       Royal jelly       |       |       |     1 |       |     5 |     2 ||     8
       Bread ration      |       |       |     1 |       |       |       ||     1
       Pizza             |       |       |       |     1 |       |     1 ||     2
